 Dungeon Crawl Stone Soup version 0.28-a0-8-g6e044cfa68 (webtiles) character file.

Game seed: 1069475702991489047

133 Sin92 the Skirmisher (level 4, -8/35 HPs)
             Began as a Demonspawn Fighter on July 24, 2021.
             Mangled by an ogre (14 damage)
             ... on level 3 of the Dungeon.
             The game lasted 00:02:14 (2348 turns).

Sin92 the Skirmisher (Demonspawn Fighter)           Turns: 2348, Time: 00:02:14

Health: -8/35      AC:  6    Str: 16    XL:     4   Next: 94%
Magic:  4/4        EV:  7    Int: 10    God:
Gold:   146        SH:  9    Dex: 13    Spells: 3/3 levels left

rFire   . . .      SeeInvis .   a - +0 long sword
rCold   . . .      Faith    .   c - +0 kite shield
rNeg    . . .      Spirit   .   b - +0 scale mail
rPois   .          Reflect  .   (no helmet)
rElec   .          Harm     .   (no cloak)
rCorr   .          Rampage  .   (no gloves)
Will    .....                   (no boots)
Stlth   ..........              (no amulet)
HPRegen 0.11/turn               (no ring)
MPRegen 0.09/turn               (no ring)

@: no status effects
A: hooves 1, demonic guardian 1, powered by pain 1
a: no special abilities


You were on level 3 of the Dungeon.
You visited 1 branch of the dungeon, and saw 3 of its levels.

You collected 146 gold pieces.

Inventory:

Hand Weapons
 a - a +0 long sword (weapon)
Armour
 b - a +0 scale mail (worn)
 c - a +0 kite shield (worn)
Jewellery
 h - a ring of ice
Scrolls
 f - a scroll of enchant weapon {unknown}
 g - a scroll of teleportation {unknown}
 i - a scroll of enchant armour {unknown}
 m - 2 scrolls of identify {unknown}
Potions
 d - a potion of might
 e - a potion of curing
 j - 3 potions of haste {unknown}
 k - a potion of attraction {unknown}
 l - a potion of invisibility {unknown}
 n - a potion of magic {unknown}


   Skills:
 + Level 3.5 Fighting
 * Level 3.0 Long Blades
 + Level 3.2 Armour
 + Level 1.3 Dodging
 + Level 3.2 Shields


You had 3 spell levels left.
You didn't know any spells.
Your spell library was empty.

Dungeon Overview and Level Annotations

Branches:
Dungeon (3/15)

Altars:


Innate Abilities, Weirdness & Mutations

You have large cloven feet.
A weak demonic guardian rushes to your aid.
You sometimes gain a little power by taking damage.


Message History

The adder poisons you! The adder barely misses you.
You riposte.
You miss the adder.
The adder is severely wounded.
You hit the adder.
You kill the adder!
You feel sick. The adder barely misses you.
Your Long Blades skill increases to level 3!
Unknown command.
You hit the adder. Your kick misses the adder.
The adder is heavily wounded.
You feel sick. The adder bites you but does no damage.
You block the adder's attack.
Unknown command.
You closely miss the adder. Your kick misses the adder.
The adder is heavily wounded.
You feel sick.
You are no longer poisoned.
The adder bites you but does no damage. You block the adder's attack.
Unknown command.
You hit the adder.
You kill the adder!
Unknown command.
You slash the ogre!
The ogre is moderately wounded.
The ogre hits you with a +0 giant club!!
Ouch! That really hurt!
* * * LOW HITPOINT WARNING * * *
A demonic guardian appears!
You block the ogre's attack.
Unknown command.
You slash the ogre! You kick the ogre.
The ogre is heavily wounded.
You block the ogre's attack.
Unknown command.
You completely miss the ogre. Your kick misses the ogre.
The ogre is heavily wounded.
You block the ogre's attack.
You closely miss the ogre.
The ogre is heavily wounded.
The ogre hits you with a +0 giant club!
You die...

... .. ... .. ... #.#####
... ####### #####.#...# ###
....).. #...#.#.#.# ..
....... #...#.#.#.######
.......#####...#.#.#.#.....
...>.....O@5.....))#.......
#....#######...#.#).##.....
#..................).÷.÷...
# ..#######........##.....
#.....#...#....)
#...###.#.#####.
#.......#.# #. #.#######.#
#. #.# #.# #.


You could see an ogre (ally target) and a friendly white imp (summoned).

Vanquished Creatures
  An orc wizard (D:3)
  5 adders
  A worm (D:2)
  2 dart slugs (D:1)
  7 orcs (D:3)
  3 endoplasms
  2 giant cockroaches (D:1)
  3 goblins
  4 hobgoblins
  10 jackals
  6 ball pythons
  A bat (D:1)
  2 frilled lizards
  6 kobolds
  7 rats
60 creatures vanquished.

Vanquished Creatures (collateral kills)
  2 orcs (D:3)
2 creatures vanquished.

Grand Total: 62 creatures vanquished

Notes
Turn   | Place    | Note
-------+----------+-------------------------------------------
     0 | D:1      | Sin92 the Demonspawn Fighter began the quest for the Orb.
     0 | D:1      | Reached XP level 1. HP: 18/18 MP: 1/1
   244 | D:1      | Gained mutation: You have large cloven feet. [demonic
                  | ancestry]
   244 | D:1      | Reached XP level 2. HP: 20/24 MP: 2/2
   745 | D:1      | Found a faded altar of an unknown god.
   755 | D:1      | Gained mutation: A weak demonic guardian rushes to your
                  | aid. [demonic ancestry]
   755 | D:1      | Reached XP level 3. HP: 25/29 MP: 3/3
  1566 | D:2      | Reached skill level 1 in Dodging
  1804 | D:2      | You fall into a shaft and drop 1 floor!
  1839 | D:3      | Gained mutation: You sometimes gain a little power by
                  | taking damage. [demonic ancestry]
  1839 | D:3      | Reached XP level 4. HP: 27/35 MP: 4/4
  2336 | D:3      | Noticed an ogre
  2348 | D:3      | Mangled by an ogre

Illustrated notes

Levels and vault maps discovered:
D:1:      dpeg_arrival_pits, layout_basic, chequers_ecumenical_altar_simple
D:2:      layout_basic, hex_large
D:3:      layout_basic

Skill      XL: |  1  2  3  4 |
---------------+-------------+-----
Long Blades    | 2 3 |  3.0
Shields        | 3 |  3.2
Armour         | 3 |  3.2
Dodging        | 1 |  1.3
Fighting       | |  3.5

Action                   |  1- 3 |  4- 6 || total
-------------------------+-------+-------++-------
Melee: Long sword        |   117 |    38 ||   155
       Kick              |    22 |    15 ||    37
  Use: Potion            |       |     2 ||     2
Armor: Scale mail        |    94 |    24 ||   118
Dodge: Dodged            |    61 |    20 ||    81
Block: Kite shield       |    90 |    18 ||   108
       Rpst.: Long sword |    18 |     6 ||    24

Table legend: (Time is in decaauts)
 A = Elapsed time spent in this place.
 B = Non-inter-level travel time spent in this place.
 C = Inter-level travel time spent in this place.
 D = Time resting spent in this place.
 E = Time spent auto-exploring this place.
 F = Levels seen in this place.
 G = Mean time per level.
                   A        B        C        D        E       F      G
               +--------+--------+--------+--------+--------+-----+--------+
         Total |   2440 |   2417 |     23 |    583 |   1464 |   3 |  813.3 |
       Dungeon |   2440 |   2417 |     23 |    583 |   1464 |   3 |  813.3 |
               +--------+--------+--------+--------+--------+-----+--------+

Top non-repeatable levels by time:
     D:1: 1155 daAuts
     D:2: 708 daAuts
     D:3: 576 daAuts
